Map: Ephemeron LE

Players

soO - Winner!

  • Race: Zerg Zerg
  • Spawn Location: 11:00

Probe

  • Race: Protoss Protoss
  • Spawn Location: 5:00

Event: NationWars 2019

VOD

Have the link to the VOD?

Description

Time

  • Played on: Oct. 4, 2019, 12:24 p.m.
  • Length: 9:46

All games in this series

Show
View Real Time Build Order
Export as new Build Order

soO Zerg - Winner!

Build Orders: Pool First, Roach Hydra 

Get SALT Encoding   

  13  0:17  Spawning Pool  
  11  0:21  Drone  
  11  0:26  Drone  
  13  0:31  Drone  
  14  0:38  Overlord  
  14  1:04  Zergling x4  
  16  1:05  Zergling x2  
  17  1:15  Zergling x2  
  18  1:19  Hatchery  
  17  1:29  Drone  
  18  1:33  Queen  
  20  1:45  Drone  
  21  1:49  Overlord  
  21  2:02  Drone  
  22  2:09  Queen  
  22  2:12  Drone  
  25  2:23  Drone  
  26  2:31  Drone  
  26  2:34  Drone  
  28  2:38  Hatchery  
  28  2:42  Drone x2  
  28  2:43  Drone  
  30  2:48  Drone  
  31  2:56  Overlord  
  31  2:57  Drone  
  32  3:03  Queen  
  34  3:09  Overlord  
  34  3:11  Drone  
  35  3:13  Drone  
  36  3:21  Drone  
  36  3:22  Drone  
  36  3:25  Drone  
  36  3:26  Drone  
  39  3:31  Drone  
  39  3:32  Drone  
  39  3:33  Drone  
  39  3:34  Extractor  
  41  3:36  Extractor  
  41  3:39  Drone  
  41  3:47  Drone  
  41  3:48  Queen  
  41  3:49  Overlord  
  41  3:50  Drone  
  41  3:51  Drone  
  41  3:54  Queen  
  45  4:04  Drone x2  
  45  4:07  Drone  
  45  4:08  Drone x3  
  51  4:11  Drone  
  51  4:14  Drone  
  53  4:20  Spore Crawler  
  53  4:21  Drone  
  53  4:22  Spore Crawler  
  52  4:28  Drone  
  52  4:29  Drone x2  
  52  4:30  Drone x2  
  57  4:35  Metabolic Boost  
  57  4:38  Overlord  
  57  4:40  Drone x2  
  57  4:42  Drone  
  57  4:43  Drone  
  61  4:46  Drone  
  61  4:49  Lair  
  62  4:56  Overlord x2  
  60  5:00  Zergling x2  
  60  5:01  Zergling x2  
  60  5:02  Drone x2  
  60  5:05  Drone x2  
  60  5:07  Drone  
  66  5:13  Spore Crawler, Overlord  
  65  5:16  Drone x4  
  65  5:19  Zergling x2  
  65  5:20  Drone x2  
  72  5:22  Drone x2  
  72  5:27  Roach Warren  
  73  5:32  Drone  
  73  5:34  Extractor x2  
  72  5:35  Overlord  
  72  5:39  Drone  
  72  5:41  Drone  
  74  5:44  Drone x2  
  74  5:45  Drone  
  74  5:46  Drone  
  76  5:50  Drone  
  76  5:51  Overseer, Drone  
  76  5:54  Drone x2  
  79  5:57  Extractor  
  77  6:04  Overlord  
  77  6:09  Roach x2  
  77  6:10  Hydralisk Den  
  79  6:12  Evolution Chamber  
  79  6:16  Roach x3  
  79  6:17  Roach x4  
  91  6:26  Roach x3  
  91  6:28  Roach  
  91  6:31  Roach x2  
  103  6:35  Roach  
  103  6:39  Zerg Missile Weapons Level 1, Overlord  
  105  6:40  Overlord x3  
  105  6:43  Grooved Spines  
  105  6:45  Overseer  
  105  6:48  Overlord  
  105  6:49  Overlord  
  105  6:50  Overlord  
  105  7:01  Drone x3  
  105  7:03  Hydralisk x6  
  105  7:07  Hydralisk  
  119  7:11  Hydralisk  
  119  7:15  Hydralisk  
  121  7:18  Hydralisk  
  121  7:20  Overlord  
  121  7:22  Drone  
  125  7:24  Hydralisk x2  
  125  7:28  Hydralisk  
  130  7:31  Hatchery  
  130  7:33  Hydralisk  
  131  7:40  Hydralisk x2  
  131  7:41  Zergling x2  
  131  7:42  Zergling x10  
  141  7:46  Glial Reconstitution  
  141  7:52  Zergling x14  
  148  8:00  Muscular Augments  
  148  8:01  Hydralisk x2  
  148  8:02  Zergling x4  
  154  8:06  Overlord  
  154  8:09  Overseer  
  154  8:14  Overlord x3  
  154  8:21  Overlord  
  154  8:24  Overlord  
  154  8:26  Ravager x3  
  157  8:27  Zergling x2, Roach x2  
  157  8:29  Overlord x2  
  162  8:36  Roach x6  
  173  8:43  Roach x2  
  173  8:44  Roach  
  173  8:45  Roach  
  173  8:46  Roach  
  173  8:48  Roach  
  179  8:50  Roach  
  179  8:51  Roach  
  179  8:54  Roach x2  
  175  8:58  Roach x2  
  162  9:05  Zergling x4  
  159  9:11  Roach, Hydralisk x2  
  159  9:12  Roach x2  
  159  9:13  Zergling x4  
  159  9:14  Hydralisk  
  162  9:18  Hydralisk  
  159  9:25  Roach  
  159  9:28  Zergling x14  
  170  9:40  Ravager  
Show
View Real Time Build Order
Export as new Build Order

Probe Protoss 

Build Orders: Oracle Opening 

Get SALT Encoding   

  12  0:00  Probe  
  13  0:12  Probe  
  14  0:19  Pylon  
  14  0:25  Probe  
  15  0:30  Assimilator  
  15  0:37  Probe (Chrono Boost)  
  16  0:44  Gateway  
  16  0:47  Probe (Chrono Boost)  
  17  0:53  Probe  
  18  1:02  Forge  
  18  1:05  Probe  
  19  1:17  Probe  
  20  1:21  Pylon  
  20  1:29  Probe  
  21  1:34  Photon Cannon  
  21  1:42  Probe  
  21  1:44  Cybernetics Core  
  21  1:46  Assimilator  
  22  1:51  Pylon  
  22  1:57  Pylon  
  22  1:59  Probe  
  22  2:12  Probe (Chrono Boost)  
  23  2:22  Stargate  
  23  2:23  Probe (Chrono Boost)  
  23  2:28  Adept, Probe (Chrono Boost)  
  26  2:30  Warp Gate  
  26  2:38  Probe  
  27  2:59  Nexus  
  27  3:05  Oracle (Chrono Boost)  
  27  3:11  Probe  
  31  3:23  Probe  
  32  3:34  Oracle (Chrono Boost)  
  32  3:35  Probe  
  32  3:40  Pylon  
  36  3:47  Probe  
  37  3:59  Probe  
  37  4:02  Phoenix (Chrono Boost)  
  40  4:12  Probe (Chrono Boost)  
  40  4:13  Probe (Chrono Boost)  
  42  4:22  Adept, Robotics Facility  
  42  4:23  Probe x2 (Chrono Boost)  
  46  4:27  Probe (Chrono Boost)  
  46  4:28  Probe (Chrono Boost)  
  48  4:34  Oracle  
  48  4:37  Probe  
  52  4:38  Assimilator  
  52  4:39  Probe, Assimilator  
  53  4:50  Probe  
  53  4:51  Probe  
  55  5:02  Probe  
  55  5:03  Probe  
  53  5:09  Pylon  
  53  5:10  Protoss Ground Weapons Level 1  
  53  5:11  Observer  
  53  5:14  Probe  
  55  5:15  Probe, Gateway  
  55  5:17  Adept, Gateway  
  55  5:20  Pylon  
  58  5:26  Probe  
  58  5:27  Pylon  
  58  5:28  Probe  
  60  5:32  Immortal (Chrono Boost)  
  64  5:38  Probe  
  64  5:40  Probe  
  66  5:49  Sentry  
  68  5:50  Probe  
  68  5:52  Probe  
  70  6:01  Immortal (Chrono Boost)  
  71  6:11  Nexus  
  71  6:12  Pylon  
  71  6:13  Pylon  
  71  6:18  Sentry x3  
  75  6:23  Probe  
  78  6:30  Probe  
  78  6:31  Shield Battery  
  79  6:34  Immortal (Chrono Boost)  
  79  6:35  Probe  
  84  6:40  Twilight Council  
  84  6:41  Adept  
  84  6:43  Pylon, Probe  
  87  6:47  Probe  
  88  6:55  Probe, Shield Battery  
  88  6:59  Probe  
  90  7:04  Adept x3  
  90  7:07  Probe  
  93  7:08  Charge  
  93  7:11  Probe  
  94  7:19  Probe  
  95  7:23  Probe  
  95  7:24  Probe  
  97  7:31  Probe  
  97  7:35  Probe  
  97  7:36  Probe  
  100  7:43  Probe  
  101  7:48  Probe x2  
  101  7:50  Templar Archives  
  103  7:56  Probe  
  104  7:58  Assimilator  
  104  7:59  Immortal (Chrono Boost)  
  104  8:00  Pylon, Probe, Assimilator  
  104  8:02  Pylon, Observer  
  104  8:03  Probe  
  110  8:08  Probe  
  110  8:12  Probe  
  112  8:13  Gateway  
  112  8:15  Gateway  
  112  8:17  Psionic Storm  
  112  8:19  Probe  
  113  8:29  High Templar x2  
  113  8:33  Gateway, Photon Cannon  
  117  8:34  Gateway  
  117  8:35  Photon Cannon  
  117  8:44  Archon, Zealot  
  117  8:49  Immortal  
  94  9:04  Zealot x3  
  98  9:11  Zealot  
  98  9:12  Zealot  
  90  9:24  Gateway  
  82  9:26  Gateway  
  82  9:27  Gateway  
Tags
 
Add a new tag
Caveats
  • Supply blocks, unpowered buildings, or Contaminate may cause inaccurate times.
  • Supply counts are checked every 10 seconds.